 Dungeon Crawl Stone Soup version 0.23.2-1-ga50397a (webtiles) character file.

Game seed: 11048925732398903754

519 xveg the Vandal (level 7, -1/57 HPs)
             Began as a Centaur Hunter on May 9, 2019.
             Slain by Duvessa
             ... wielding a +0 short sword
              (8 damage)
             ... on level 5 of the Dungeon.
             The game lasted 00:06:43 (3547 turns).

xveg the Vandal (Centaur Hunter)                    Turns: 3547, Time: 00:06:43

Health: -1/57      AC:  7    Str: 14    XL:     7   Next: 1%
Magic:  7/7        EV: 10    Int: 10    God:
Gold:   182        SH:  0    Dex: 12    Spells: 6/6 levels left

rFire    . . .     SeeInvis .   a - +1 hunting sling
rCold    . . .     Gourm    .   (no shield)
rNeg     . . .     Faith    .   w - +0 ring mail
rPois    .         Spirit   .   s - +1 helmet
rElec    .         Reflect  .   (no cloak)
rCorr    .         Harm     .   (no gloves)
MR       .....                  (no barding)
Stlth    ..........             (no amulet)
HPRegen  0.19/turn              p - +1 ring of evasion
MPRegen  0.10/turn              (no ring)

@: glowing, very quick
A: large, hooves 3, deformed body, speed 2, tough skin 3
a: no special abilities


You were on level 5 of the Dungeon.
You were hungry.

You visited 1 branch of the dungeon, and saw 5 of its levels.

You collected 182 gold pieces.

Inventory:

Hand Weapons
 a - a +1 hunting sling (weapon)
 b - a +0 short sword
 d - a +0 blowgun
 x - a +0 broad axe
Missiles
 e - 165 stones (quivered)
 o - 73 arrows
 r - 8 curare-tipped needles
 v - 34 poisoned needles
 C - 56 bolts
Armour
 c - a +0 leather armour
 s - a +1 helmet (worn)
 w - a +0 ring mail (worn)
Jewellery
 p - a +1 ring of evasion (left hand)
 E - a cursed ring of teleportation {unknown}
 H - an uncursed ring of wizardry {unknown}
Wands
 G - a wand of paralysis (9)
Scrolls
 g - 8 scrolls of teleportation {unknown}
 h - 2 scrolls of immolation {unknown}
 j - 4 scrolls of remove curse {unknown}
 k - 2 scrolls of enchant weapon {unknown}
 n - a scroll of amnesia {unknown}
 t - 2 scrolls of blinking {unknown}
 u - 6 scrolls of identify {unknown}
 y - 2 scrolls of fear {unknown}
 B - a scroll of fog {unknown}
Potions
 i - 2 potions of ambrosia {unknown}
 l - a potion of curing
 m - 2 potions of heal wounds {unknown}
 q - a potion of might {unknown}
 z - 2 potions of brilliance {unknown}
 A - a potion of resistance {unknown}
 D - a potion of flight {unknown}
 F - a potion of haste {unknown}
 I - a potion of agility {unknown}
Comestibles
 f - 10 rations


   Skills:
 + Level 3.6 Fighting
 + Level 7.9 Slings
 + Level 1.5 Armour
 + Level 1.9 Dodging
 + Level 0.5 Stealth


You had 6 spell levels left.
You didn't know any spells.
Your spell library was empty.

Dungeon Overview and Level Annotations

Branches:
Dungeon (5/15)
 Temple: D:4-7

Altars:

Annotations:
D:5 Duvessa


Innate Abilities, Weirdness & Mutations

You have hooves in place of feet.
Armour fits poorly on your strangely shaped body.
You cover ground very quickly.
You have extremely tough skin. (AC +3)


Message History

You shoot a stone. The stone hits Dowan.
You kill Dowan!
Duvessa weeps, then rights herself and shakes her weapon.
Duvessa goes berserk!
You have reached level 7!
Duvessa hits you but does no damage. Duvessa hits you with a +0 short sword!
* * * LOW HITPOINT WARNING * * *
Sorry, you're not good enough to have a special ability.
Duvessa rages.
Firing (i - inventory)
e - 166 stones (quivered)
Press: ? - help, Shift-Dir - straight line, f - Duvessa
Aim: Duvessa, wielding a +0 short sword and wearing a +0 scale mail (berserk, fast, unusually strong)
You shoot a stone. The stone hits Duvessa.
Duvessa is lightly wounded.
Duvessa hits you with a +0 short sword!
* * * LOW HITPOINT WARNING * * *
There is a stone staircase leading down here.
You see here a hound corpse.
Duvessa misses you. Duvessa hits you with a +0 short sword!
You die...

#....# ....#(.... #.##....
#....# ##(#.... #.......
###.#######..... ##....
####.##....##... #....
.....##....##.)#+# #....
..#..##....# #(#.#
##+####....
..#..##....###...#
#........##
..#.............e#
#........#
..###.#....####.@#
#........# ..#
#.##.......#.# #........#
..# #.##.#####.#.#
#........# ..#
#.##.#...#.#.# #........#
..#
#.##.#.#.#.#.#######.#######
..# #.##.#.#.#.#.........#
..J.#.##.#.#.#.#.#########
#.#.# #.#.#.#.### #.# #
#.#...#.#


You could see Duvessa (berserk).

Vanquished Creatures
  A sky beast (D:5)
  Dowan (D:5)
  2 orc priests
  2 hounds
  A centaur skeleton (D:5)
  3 worker ants
  3 gnolls (D:2)
  3 adders
  An adder zombie (D:5)
  6 worms
  3 leopard geckos
  12 orcs
  9 bats
  3 giant cockroaches (D:3)
  8 goblins
  9 hobgoblins
  2 jackals (D:1)
  4 kobolds
  5 frilled lizards
  A quokka zombie (D:5)
  8 rats
87 creatures vanquished.

Notes
Turn   | Place    | Note
-------+----------+-------------------------------------------
     0 | D:1      | xveg the Centaur Hunter began the quest for the Orb.
     0 | D:1      | Reached XP level 1. HP: 17/17 MP: 1/1
   273 | D:1      | Reached XP level 2. HP: 24/24 MP: 2/2
   400 | D:1      | Reached skill level 5 in Slings
   909 | D:2      | Reached XP level 3. HP: 23/29 MP: 3/3
  1082 | D:2      | Reached XP level 4. HP: 24/37 MP: 4/4
  1145 | D:2      | Reached skill level 6 in Slings
  1696 | D:3      | Reached XP level 5. HP: 23/42 MP: 5/5
  1817 | D:3      | Found a faded altar of an unknown god.
  2374 | D:4      | Reached skill level 1 in Armour
  2707 | D:4      | Reached skill level 7 in Slings
  2707 | D:4      | Reached XP level 6. HP: 49/51 MP: 6/6
  3011 | D:5      | Entered Level 5 of the Dungeon
  3011 | D:5      | Noticed Duvessa
  3011 | D:5      | Noticed Dowan
  3294 | D:5      | Noticed a sky beast
  3319 | D:5      | Killed a sky beast
  3542 | D:5      | Killed Dowan
  3542 | D:5      | Reached XP level 7. HP: 22/57 MP: 7/7
  3547 | D:5      | Slain by Duvessa

Skill      XL: |  1  2  3  4  5 |
---------------+----------------+-----
Slings         | 5 6 7 |  7.9
Armour         | 1 |  1.5
Fighting       | 3 |  3.6
Dodging        | |  1.9
Stealth        | |  0.5

Action                   |  1- 3 |  4- 6 |  7- 9 || total
-------------------------+-------+-------+-------++-------
Melee: Hunting sling     |       |     2 |       ||     2
 Fire: Hunting sling     |    95 |   287 |     1 ||   383
  Eat: Ration            |       |     1 |       ||     1
       Chunk             |       |     1 |       ||     1
Armor: Leather armour    |     4 |    14 |       ||    18
       Ring mail         |       |    28 |     1 ||    29
Dodge: Dodged            |     9 |    66 |     1 ||    76
